Map: Lightshade LE

Players

help

  • Race: Zerg Zerg
  • League: Master
  • Spawn Location: 5:00

Pumba - Winner!

  • Race: Zerg Zerg
  • League: Master
  • Spawn Location: 11:00

VOD

Have the link to the VOD?

Description

Time

  • Played on: Sept. 7, 2021, 7:44 p.m.
  • Length: 5:29
Show
View Real Time Build Order
Export as new Build Order

help Zerg 

Build Orders: Hatch First 

Get SALT Encoding   

  12  0:00  Drone  
  13  0:12  Overlord  
  13  0:17  Drone  
  14  0:31  Drone x2  
  16  0:50  Drone  
  16  0:51  Drone  
  18  0:59  Hatchery  
  18  1:02  Drone  
  18  1:05  Extractor  
  17  1:16  Spawning Pool  
  17  1:17  Drone  
  17  1:20  Drone  
  18  1:29  Drone  
  19  1:47  Overlord  
  19  2:03  Queen  
  19  2:04  Drone  
  19  2:06  Drone  
  23  2:11  Queen  
  23  2:12  Metabolic Boost  
  23  2:13  Drone x2  
  27  2:30  Hatchery  
  26  2:37  Baneling Nest  
  26  2:38  Drone  
  26  2:42  Drone  
  27  2:44  Drone  
  27  2:47  Drone  
  27  2:50  Drone  
  30  2:52  Drone  
  30  2:57  Overlord  
  30  3:14  Zergling x8  
  30  3:18  Overlord  
  34  3:22  Zergling x2  
  34  3:23  Zergling x4  
  34  3:24  Zergling x2  
  34  3:26  Zergling x2  
  39  3:28  Zergling x2  
  40  3:39  Roach Warren, Overlord  
  39  3:42  Drone  
  39  3:44  Drone  
  39  3:48  Baneling x3  
  41  3:49  Baneling  
  41  4:00  Zergling x10  
  41  4:11  Zergling x2  
  41  4:12  Zergling x8  
  44  4:22  Zergling x4  
  29  4:36  Roach x3  
  34  4:42  Roach  
  33  4:52  Roach  
  34  4:54  Roach  
  36  5:01  Baneling x3  
  36  5:02  Baneling  
Show
View Real Time Build Order
Export as new Build Order

Pumba Zerg - Winner!

Build Orders: Hatch First, Zergling Baneling 

Get SALT Encoding   

  12  0:00  Drone  
  13  0:12  Overlord  
  13  0:18  Drone  
  14  0:30  Drone x2  
  16  0:35  Drone  
  17  0:55  Hatchery  
  16  0:57  Drone  
  16  1:01  Drone  
  18  1:07  Drone  
  19  1:16  Extractor  
  18  1:22  Spawning Pool  
  18  1:23  Drone  
  18  1:29  Drone  
  19  1:39  Drone  
  20  1:50  Overlord  
  20  2:02  Drone  
  21  2:09  Queen x2  
  21  2:10  Zergling x2  
  21  2:13  Zergling x2  
  27  2:16  Metabolic Boost  
  27  2:25  Drone x2  
  29  2:32  Drone x2  
  31  2:46  Hatchery  
  31  2:51  Baneling Nest  
  29  2:52  Drone x2  
  29  2:55  Zergling x2  
  32  2:59  Overlord  
  31  3:13  Drone x2  
  31  3:17  Overlord  
  33  3:23  Zergling x10  
  33  3:25  Zergling x2  
  39  3:33  Zergling x4  
  41  3:36  Baneling  
  41  3:37  Baneling  
  41  3:41  Baneling  
  41  3:45  Zergling x6  
  44  3:50  Baneling x2  
  44  3:54  Zergling x2  
  44  3:55  Zergling x4  
  47  3:57  Zergling x4  
  47  3:58  Zergling x2  
  47  4:01  Baneling x2  
  47  4:11  Zergling x8  
  47  4:16  Drone, Roach Warren  
  48  4:17  Extractor  
  48  4:22  Zergling x2  
  36  4:25  Drone x2  
  35  4:37  Zergling x6  
  32  4:54  Baneling x2  
  32  4:55  Baneling  
  32  5:03  Roach x4  
  40  5:08  Roach x2  
Tags
 
Add a new tag
Caveats
  • Supply blocks, unpowered buildings, or Contaminate may cause inaccurate times.
  • Supply counts are checked every 10 seconds.